AoeStats
← CDS95

Arena

510137439Analyzed
2v2 RM · 1d ago on Sep 29, 2026· 36m 59s· 4 players
Game mode
Random Map
Map size
Medium (4 player)
Population
200
Speed
Normal
Resources
Standard
Victory
Conquest
Starting age
Dark Age
Ending age
Imperial Age
RankedLock teamsTeams togetherTeam positionsShared explorationLock speedFull tech treeHidden civsTurbo modeCheats
Victory
Defeat
🇪🇸 Spanish · Spain
986
+17
🇪🇸 Poles · Spain
983
+17
🇪🇸 Teutons · Spain
1000
-51
🇪🇸 Khmer · Spain
1000
-51
Pat
11:42 Feudal Age
15:24 Castle Age
14:51 Horse Collar
15:11 Double-Bit Axe
15:48 Loom
24:27 Atonement
24:40 Redemption
26:57 Bow Saw
26:59 Forging
26:52 Padded Archer Armor
35:24 Imperial Age
CDS95
11:56 Feudal Age
17:11 Castle Age
16:25 Horse Collar
16:33 Double-Bit Axe
17:53 Loom
18:28 Heavy Plow
19:52 Wheelbarrow
19:48 Bow Saw
22:57 Hand Cart
22:28 Town Watch
27:14 Imperial Age
26:19 Szlachta Privileges
26:22 Husbandry
28:10 Bloodlines
27:35 Pikeman
28:22 Squires
29:27 Cavalier
30:24 Forging
30:19 Scale Barding Armor
30:43 Conscription
31:28 Gold Mining
31:29 Stone Mining
32:36 Arson
34:24 Iron Casting
34:10 Chain Barding Armor
36:27 Blast Furnace
35:42 Scale Mail Armor
35:55 Siege Engineers
35:47 Murder Holes
36:07 Fortified Wall
VIKTOR
13:18 Feudal Age
Cratne
10:42 Feudal Age
12:29 Wheelbarrow
11:37 Horse Collar
11:44 Double-Bit Axe
16:43 Loom
19:55 Castle Age
17:50 Fletching
18:14 Forging
18:05 Scale Mail Armor
20:16 Bloodlines
24:06 Iron Casting
23:50 Scale Barding Armor
25:13 Squires
26:05 Stone Mining
26:07 Gold Mining
25:57 Pikeman
27:42 Hand Cart
27:42 Heavy Plow
27:46 Bodkin Arrow
31:31 Man-at-Arms
33:13 Chain Mail Armor
Connection lost

Rejoining the realm…

Still unreachable

The connection could not be restored.

Session expired

The server has moved on; the page needs a fresh start.